 Dungeon Crawl Stone Soup version 0.29.1-14-g9c671dbff4 (console) character file.

Game seed: 15708689763431202060

64 om the Ducker (level 4, 0/33 HPs)
             Began as a Djinni Transmuter on Feb 14, 2023.
             Slain by an iguana (10 damage)
             ... on level 4 of the Dungeon.
             The game lasted 00:04:34 (3056 turns).

om the Ducker (Djinni Transmuter)                   Turns: 3056, Time: 00:04:35

Health: 0/33       AC:  2    Str: 17    XL:     4   Next: 32%
Gold:   48         EV: 21    Int: 14    God:
                   SH:  0    Dex: 19

rFire   . . .      SeeInvis .     - Unarmed
rCold   . . .      Faith    .   (shield currently unavailable)
rNeg    . . .      Spirit   .   (body armour currently unavailable)
rPois   ∞          Reflect  .   (helmet currently unavailable)
rElec   .          Harm     .   (cloak currently unavailable)
rCorr   .          Rampage  .   (gloves currently unavailable)
Will    .....                   (boots unavailable)
Stlth   ++........              (no amulet)
HPRegen 0.11/turn               k - +6 ring of strength
MPRegen 0.00/turn               (no ring)

@: spider-form, attractive, flying
A: venomous fangs, flying, sickness immunity, tiny, (fire resistance 2), (cold
vulnerability 1), float, innate caster, HP casting, extra vitality 1
a: End Transformation


You were on level 4 of the Dungeon.
You were a venomous arachnid creature.
You visited 1 branch of the dungeon, and saw 3 of its levels.

You collected 118 gold pieces.
You spent 70 gold pieces at shops.

Inventory:

Hand Weapons
 h - a +0 dagger
 l - the +9 whip of the Arena (melded) {spect, rPois}
   (You found it on level 2 of the Dungeon)

   When its wielder attacks, the weapon's spirit leaps out and strikes again.
   The spirit shares a part of any damage it takes with its wielder.
   rPois:     It protects you from poison.
Armour
 a - a +0 robe (melded)
Jewellery
 c - a ring of willpower
 k - a +6 ring of strength (left front leg)
Scrolls
 d - 3 scrolls of teleportation {unknown}
 i - 2 scrolls of blinking {unknown}
Potions
 b - 2 potions of lignification
 e - 3 potions of cancellation {unknown}
 g - a potion of heal wounds
 j - a potion of flight {unknown}


   Skills:
 + Level 2.3 Fighting
 + Level 3.2 Dodging
 - Level 3.0 Unarmed Combat
 + Level 2.2 Spellcasting


You couldn't memorise any spells.
You knew the following spells:

 Your Spells              Type           Power      Damage    Failure   Level
a - Beastly Appendage     Tmut           14%        N/A       22%         1
b - Wereblood             Tmut           7%         N/A       32%         2
c - Spider Form           Tmut/Pois      7%         N/A       47%         3
d - Ice Form              Ice/Tmut       7%         N/A       83%         4
e - Slow                  Hex            28%        N/A       22%         1
Your spell library was empty.

Dungeon Overview and Level Annotations

Branches:
Dungeon (2/15)

Altars:

Shops:
D:1 [:**!


Innate Abilities, Weirdness & Mutations

You are a venomous arachnid creature.
You have poisonous fangs.
You are tiny and dextrous.
You are flying.
Your spellcasting is less reliable in this form.
Your armour is entirely melded.
You are incapable of wielding weapons or throwing items.
You are immune to sickness and miasma.
You are immune to poison.
((Your flesh is very heat resistant. (rF++)))
((You are vulnerable to cold. (rC-)))
You float through the air rather than walking.
You learn spells naturally, not from books.
Your magical power is your life essence.
You have superior vitality. (+4 MHP)


Message History

The iguana is lightly wounded.
The iguana closely misses you.
You closely miss the iguana. Your punch misses the iguana.
The iguana is lightly wounded.
The iguana bites you!
You hit the iguana.
The iguana is moderately wounded.
The iguana bites you!
You barely miss the iguana.
The iguana is moderately wounded.
The iguana bites you!
* * * LOW HITPOINT WARNING * * *
You are too injured to fight recklessly!
Casting: Spider Form (quite dangerous; 26% risk of failure)
Confirm with . or Enter, or press ? or * to list all spells.
Okay, then.
It was a potion of attraction.
You feel attractive to monsters. The iguana misses you.
There are no items here.
Unknown command.
You feel much better. The iguana misses you.
Casting: Spider Form (quite dangerous; 26% risk of failure)
Confirm with . or Enter, or press ? or * to list all spells.
The spell is quite dangerous to miscast (26% risk of failure)!
Continue anyway?
You turn into a venomous arachnid creature.
The +9 whip of the Arena {spect, rPois} melds into your body.
Your +0 robe melds into your body.
The iguana misses you.
Unknown command.
You barely miss the iguana.
The iguana is moderately wounded.
The iguana bites you!
You barely miss the iguana.
The iguana is moderately wounded.
The iguana barely misses you.
You hit the iguana but do no damage.
The iguana is poisoned.
The iguana is moderately wounded.
The iguana misses you. The iguana attacks as you move away!
The iguana bites you!
You die...

.. .. #.#.##
###....####
.........
#....#
#..#.# #.#B#
#.#l# #.#s#
#.#.# #.#.#
[.#.# ###.#
##########.#
#..........#
#.##########


You could see an iguana (very poisoned) and a giant cockroach.

Vanquished Creatures
  A gnoll (D:2)
  An adder (D:2)
  A dart slug (D:1)
  2 ball pythons (D:1)
  5 endoplasms (D:1)
  3 giant cockroaches (D:1)
  2 hobgoblins (D:1)
  4 kobolds
  6 quokkas
  5 bats
  4 frilled lizards (D:1)
  5 goblins
  2 rats
41 creatures vanquished.

Notes
Turn   | Place    | Note
-------+----------+-------------------------------------------
     0 | D:1      | om the Djinni Transmuter began the quest for the Orb.
     0 | D:1      | om set off with the following spells memorised: Beastly
                  | Appendage, Wereblood, Spider Form, Ice Form.
     0 | D:1      | Reached XP level 1. HP: 17/17 MP: 0/0
   137 | D:1      | Reached XP level 2. HP: 6/22 MP: 0/0
   773 | D:1      | Found Siskass's Antique Armour Shop.
   818 | D:1      | Found Dutexti's Assorted Antiques.
   854 | D:1      | Reached XP level 3. HP: 8/28 MP: 0/0
   854 | D:1      | Learned a level 1 spell: Slow
  1300 | D:1      | Found Taysor's Distillery.
  1305 | D:1      | Bought a potion of heal wounds for 70 gold pieces
  1329 | D:1      | Found Ecsoty's General Store.
  1547 | D:1      | Found Ikiewkomp's Book Emporium.
  2182 | D:2      | Reached XP level 4. HP: 17/33 MP: 0/0
  2806 | D:2      | Identified the +9 whip of the Arena {spect, rPois}
  3027 | D:2      | You are sucked into a shaft and drop 2 floors!
  3049 | D:4      | HP: 1/33 [iguana (14)]
  3056 | D:4      | Slain by an iguana

Illustrated notes

Levels and vault maps discovered:
D:1:      evilmike_arrival_hilbert_curve, layout_rooms, serial_shops, shop,
          nicolae_shop_waterfront, shop, shop, shop, minmay_close_crescents
D:2:      layout_loops_corners, hellmonk_ecumenical_altar_inner_sanctum,
          wander_ebering_terrifying_dragon_lair
D:4:      layout_loops_ring, nicolae_overflow_hidden_temple, uniq_grinder,
          uniq_menkaure, uniq_sigmund

Skill      XL: |  1  2  3 |
---------------+----------+-----
Spellcasting   | 2 |  2.2
Fighting       | 2 |  2.3
Dodging        | 3 |  3.2
Unarmed Combat | |  3.0

Action                   |  1- 3 |  4- 6 || total
-------------------------+-------+-------++-------
Melee: Unarmed           |   115 |     4 ||   119
       Headbutt          |    17 |       ||    17
       Punch             |     1 |     2 ||     3
       Whip              |       |     9 ||     9
       Dagger            |       |     6 ||     6
 Cast: Beastly Appendage |    26 |     1 ||    27
       Spider Form       |       |     2 ||     2
  Use: Potion            |       |     2 ||     2
 Stab: Sleeping          |       |     1 ||     1
Armor: Robe              |    12 |     2 ||    14
Dodge: Dodged            |    70 |    20 ||    90
